 Dungeon Crawl Stone Soup version 0.28.0-47-ge53b351184 (webtiles) character file.

Game seed: 10036658989235849339

9673 boopmooplesden the Carver (level 11, -34/99 HPs)
             Began as a Minotaur Berserker on Apr 28, 2022.
             Was an Elder of Trog.
             Killed from afar by a hell hog (35 damage)
             ... with a fireball
             ... on level 2 of the Abyss.
             The game lasted 00:17:20 (11926 turns).

boopmooplesden the Carver (Minotaur Berserker)     Turns: 11926, Time: 00:17:21

Health: -34/99     AC: 22    Str: 24    XL:     11   Next: 26%
Magic:  10/10      EV:  7    Int:  4    God:    Trog [****..]
Gold:   428        SH:  9    Dex: 12    Spells: 10/10 levels left

rFire   . . .      SeeInvis .   y - +0 scimitar
rCold   + . .      Faith    .   f - +0 kite shield
rNeg    . . .      Spirit   .   C - +0 plate armour of the Guild-Master {rC+ Will+ Slay+2}
rPois   .          Reflect  .   g - +1 hat
rElec   .          Harm     .   k - +0 cloak
rCorr   .          Rampage  .   w - +2 pair of gloves
Will    +....                   D - +0 pair of boots
Stlth   ..........              (no amulet)
HPRegen 0.26/turn               (no ring)
MPRegen 0.12/turn               (no ring)

@: on berserk cooldown, slowed, very slow
A: horns 2, retaliatory headbutt
a: Renounce Religion, Berserk, Trog's Hand, Brothers in Arms


You were on level 2 of the Abyss.
You worshipped Trog.
Trog was greatly pleased with you.
You visited 1 branch of the dungeon, and saw 10 of its levels.
You visited the Abyss 1 time.
You also visited: Ossuary.

You collected 1296 gold pieces.
You spent 868 gold pieces at shops.

Inventory:

Hand Weapons
 a - a +2 falchion
 o - the +4 quarterstaff of the Thirteen Violins {antimagic, Fragile Int+4}
   (You took it off an orc on level 6 of the Dungeon)

   It reduces the magical energy of the wielder, and disrupts the spells and
   magical abilities of those it strikes.
   Natural abilities and divine invocations are not affected.
   Int:       It affects your intelligence (+4).
   Fragile:   It will be destroyed if unequipped.
 x - a +0 battleaxe
 y - a +0 scimitar (weapon)
 z - a +0 long sword of holy wrath
Missiles
 G - a throwing net (quivered)
Armour
 f - a +0 kite shield (worn)
 g - a +1 hat (worn)
 k - a +0 cloak (worn)
 n - a +3 scale mail of positive energy
 w - a +2 pair of gloves (worn)
 A - a +0 scale mail of poison resistance
 C - the +0 plate armour of the Guild-Master (worn) {rC+ Will+ Slay+2}
   (You bought it in a shop on level 2 of the Dungeon)

   Slay:      It affects your accuracy & damage with ranged weapons and melee
   (+2).
   rC:        It protects you from cold.
   Will:      It increases your willpower.
 D - a +0 pair of boots (worn)
Jewellery
 p - a ring of resist corrosion
 B - a ring of flight
 J - a ring of magical power
Wands
 h - a wand of polymorph (14)
 i - a wand of flame (23)
 q - a wand of iceblast (2)
 H - a wand of acid (11)
 L - a wand of digging (6)
Scrolls
 b - 2 scrolls of magic mapping
 c - 2 scrolls of summoning
 d - 3 scrolls of identify
 e - 2 scrolls of fear
 l - 2 scrolls of blinking
 v - 2 scrolls of silence
 I - 4 scrolls of teleportation
Potions
 j - 3 potions of heal wounds
 m - a potion of haste
 r - 2 potions of invisibility {unknown}
 s - a potion of mutation {unknown}
 t - 4 potions of lignification {unknown}
 u - 3 potions of flight {unknown}
 E - 2 potions of might
 F - a potion of berserk rage {unknown}
 K - a potion of ambrosia {unknown}


   Skills:
 + Level 10.0 Fighting
 + Level 13.4 Long Blades
 + Level 11.3 Armour
 + Level 5.8 Dodging
 + Level 1.1 Stealth
 + Level 5.2 Shields


You had 10 spell levels left.
You didn't know any spells.
Your spell library was empty.

Dungeon Overview and Level Annotations

Branches:
Dungeon (10/15)            Temple (0/1) D:4         Ossuary (visited)
   Lair: D:8-11         Orc: D:9-12

Altars:
Qazlal
Ru
Xom
The Shining One
Jiyva

Shops:
D:2 [[


Innate Abilities, Weirdness & Mutations

You have a pair of horns on your head.
You reflexively headbutt those who attack you in melee.


Message History

The worldbinder hits you but does no damage.
The swamp drake bites you but does no damage.
You slash the worldbinder! You headbutt the worldbinder.
You destroy the worldbinder!
That felt strangely unrewarding.
The swamp drake disappears in a puff of smoke! x2
The goliath frog disappears in a puff of smoke!
You feel a strong urge to attack something.
You feel your anger nearly subside.
You are no longer berserk.
You are exhausted.
You feel yourself slow down.
Found a gateway leading deeper into the Abyss.
The hell hog squeals angrily.
You slash the hell hog! You headbutt the hell hog!
The hell hog is heavily wounded.
The hell hog bites you but does no damage.
You slash the hell hog!
The hell hog is severely wounded.
You block the hell hog's attack. The hell hog breathes fire at you.
The fireball explodes!
The fireball engulfs you!!
The fireball engulfs the hell hog.
The hell hog completely resists.
You closely miss the hell hog.
The hell hog is severely wounded.
The hell hog bites you! The hell hog closely misses you.
You closely miss the hell hog. Your headbutt misses the hell hog.
The hell hog is severely wounded.
The hell hog barely misses you. The hell hog breathes fire at you.
The fireball explodes!
The fireball engulfs you!!
* * * LOW HITPOINT WARNING * * *
The fireball engulfs the hell hog.
The hell hog completely resists.
You hear a horrible gurgling sound!
You slash the hell hog! You headbutt the hell hog.
The hell hog is almost dead.
The hell hog bites you!
* * * LOW HITPOINT WARNING * * *
The hell hog breathes fire at you.
The fireball explodes!
The fireball engulfs you!!
You die...

.#...##....#. ..
..#...#...#....#.#
##....#.##.. .....
....#...#.###.#...
#..§#...........#
..§.....##...#.#
............#...#
. .#...##.....#
..##...##..@##...#
. #. ..#..h...# #.
#...#..#.....#
#.#..#.......>#
.#.# ..#..#.....
##...#.#..#.# ##.#
. .#.#.# ## ##.#..


You could see a hell hog (catching breath).

Vanquished Creatures
  The ghost of oldmanjim the Fighter, a journeyman OgHu of Sif Muna (D:9)
  Harold (D:7)
  2 two-headed ogres
  Pikel (D:7)
  The ghost of Atherized the Carver, a novice MiBe of Trog (D:5)
  A worldbinder (Abyss:2)
  A troll (D:6)
  A hornet (D:10)
  Prince Ribbit (D:7)
  2 slime creatures (D:9)
  Sigmund (D:2)
  A wyvern (D:9)
  A ynoxinul (Abyss:2)
  4 yaks (D:8)
  Eustachio (D:4)
  A chaos spawn (Abyss:2)
  A water moccasin (D:7)
  2 black bears
  2 orc warriors (D:8)
  2 sky beasts
  2 necrophages
  An ogre (D:4)
  3 centaurs
  A lemure (D:7)
  A phantom (D:5)
  4 kobold brigands
  3 bullfrogs
  A gnoll sergeant (D:7)
  3 wyvern zombies
  2 scorpions
  3 water moccasin zombies
  A wyvern skeleton (D:5)
  5 killer bees (D:8)
  A howler monkey (D:6)
  4 centaur zombies
  5 bullfrog zombies
  4 jellies
  2 orc priests (D:8)
  A bullfrog skeleton (D:5)
  4 hounds
  A centaur skeleton (D:5)
  Crazy Yiuf (D:2)
  Terence (D:3)
  Natasha (thrice) (D:2)
  3 iguanas
  3 orc wizards
  A killer bee zombie (Ossuary)
  A hound skeleton (D:4)
  18 mummies (Ossuary)
  2 howler monkey zombies
  Robin (D:2)
  5 gnolls
  5 adders
  2 shadow imps (D:5)
  A white imp (D:6)
  An ufetubus (D:5)
  An adder skeleton (D:4)
  A worm (D:2)
  4 dart slugs
  16 orcs
  5 endoplasms
  3 giant cockroaches
  15 goblins
  11 hobgoblins
  4 jackals (D:4)
  2 quokkas
  6 ball pythons
  3 bats
  4 frilled lizards
  24 kobolds
  8 rats
  2 toadstools (D:1)
237 creatures vanquished.

Vanquished Creatures (others)
  Maurice (D:8)
  2 toadstools (D:1)
  8 withered plants (Ossuary)
11 creatures vanquished.

Grand Total: 248 creatures vanquished

Notes
Turn   | Place    | Note
-------+----------+-------------------------------------------
     0 | D:1      | boopmooplesden the Minotaur Berserker began the quest for
                  | the Orb.
     0 | D:1      | Reached XP level 1. HP: 19/19 MP: 0/0
   408 | D:1      | Reached skill level 4 in Long Blades
   408 | D:1      | Reached XP level 2. HP: 17/27 MP: 1/1
  1036 | D:2      | Noticed Natasha
  1042 | D:2      | Killed Natasha
  1043 | D:2      | Reached XP level 3. HP: 20/34 MP: 2/2
  1195 | D:2      | Found a runed translucent door.
  1196 | D:2      | Noticed Crazy Yiuf
  1327 | D:2      | Found Roped's Armour Shop.
  1342 | D:2      | Reached ** piety under Trog
  1370 | D:2      | Found Guesuwan's Armour Boutique.
  1420 | D:2      | Noticed Robin
  1425 | D:2      | Killed Robin
  1426 | D:2      | Reached skill level 5 in Long Blades
  1426 | D:2      | Reached XP level 4. HP: 41/41 MP: 3/3
  1682 | D:2      | Noticed Sigmund
  1699 | D:2      | Killed Sigmund
  1700 | D:2      | Reached skill level 5 in Fighting
  1700 | D:2      | Reached skill level 6 in Long Blades
  1700 | D:2      | Reached XP level 5. HP: 12/48 MP: 4/4
  1705 | D:2      | Noticed Natasha
  1711 | D:2      | Killed Natasha
  1712 | D:2      | Reached XP level 6. HP: 30/56 MP: 5/5
  1896 | D:2      | Noticed Natasha
  1903 | D:2      | Killed Natasha
  2167 | D:2      | Killed Crazy Yiuf
  2284 | D:3      | Found a faded altar of an unknown god.
  2479 | D:3      | Noticed Terence
  2492 | D:3      | Killed Terence
  2913 | D:3      | Found a sacrificial altar of Ru.
  2913 | D:3      | Found a glowing golden altar of the Shining One.
  2980 | D:4      | Reached skill level 7 in Long Blades
  3002 | D:4      | Reached *** piety under Trog
  3053 | D:4      | Reached XP level 7. HP: 62/62 MP: 6/6
  3056 | D:4      | Found a staircase to the Ecumenical Temple.
  3187 | D:4      | Noticed Eustachio
  3198 | D:4      | Killed Eustachio
  3468 | D:4      | Reached skill level 5 in Armour
  4160 | D:5      | Entered Level 5 of the Dungeon
  4181 | D:5      | Reached skill level 8 in Long Blades
  4187 | D:5      | Reached XP level 8. HP: 71/71 MP: 7/7
  4314 | D:5      | Found a transporter.
  4344 | D:5      | Found a sand-covered staircase.
  4352 | Ossuary  | Entered an ossuary
  4399 | Ossuary  | Reached skill level 9 in Long Blades
  5246 | D:5      | Found a transporter.
  5254 | D:5      | Reached skill level 10 in Long Blades
  5254 | D:5      | Noticed Atherized's ghost (novice MiBe)
  5301 | D:5      | Reached **** piety under Trog
  5501 | D:5      | Reached XP level 9. HP: 70/79 MP: 8/8
  5944 | D:6      | Noticed a troll
  5953 | D:6      | Killed a troll
  6495 | D:6      | Identified the +4 quarterstaff of the Thirteen Violins
                  | {antimagic, Fragile Int+4}
  6729 | D:6      | Reached skill level 11 in Long Blades
  6946 | D:2      | Bought a +1 hat for 154 gold pieces
  7083 | D:7      | Noticed Prince Ribbit
  7495 | D:7      | Noticed Harold
  7511 | D:7      | Killed Harold
  7512 | D:7      | Reached skill level 5 in Dodging
  7512 | D:7      | Reached skill level 1 in Stealth
  7983 | D:7      | Killed Prince Ribbit
  7984 | D:7      | Reached XP level 10. HP: 68/90 MP: 9/9
  8174 | D:7      | Noticed Pikel
  8187 | D:7      | Killed Pikel
  8188 | D:7      | Reached skill level 12 in Long Blades
  8492 | D:7      | Identified a scroll of acquirement
  8492 | D:7      | Acquired 712 gold pieces
  8633 | D:2      | Bought the +0 plate armour of the Guild-Master {rC+ Will+
                  | Slay+2} for 714 gold pieces
  8765 | D:8      | Noticed a two-headed ogre
  8774 | D:8      | Killed a two-headed ogre
  8775 | D:8      | Reached skill level 10 in Armour
  9063 | D:8      | Reached skill level 1 in Shields
  9359 | D:8      | Noticed Maurice
  9375 | D:8      | Killed Maurice
 10084 | D:9      | Found a stormy altar of Qazlal.
 10084 | D:9      | Found a shimmering altar of Xom.
 10097 | D:9      | Found a runed translucent gate.
 10097 | D:9      | Found a runed translucent gate.
 10097 | D:9      | Found a runed translucent gate.
 10821 | D:9      | Noticed oldmanjim's ghost (journeyman OgHu)
 10823 | D:9      | Found a viscous altar of Jiyva.
 11026 | D:5      | Killed Atherized's ghost
 11027 | D:5      | Reached XP level 11. HP: 99/99 MP: 10/10
 11193 | D:9      | Reached skill level 13 in Long Blades
 11205 | D:9      | Killed oldmanjim's ghost
 11206 | D:9      | Reached skill level 5 in Shields
 11596 | D:10     | Entered Level 10 of the Dungeon
 11780 | D:10     | Noticed a two-headed ogre
 11787 | D:10     | Killed a two-headed ogre
 11788 | D:10     | Reached skill level 10 in Fighting
 11790 | D:10     | Cast into level 2 of the Abyss (gnoll sergeant)
 11854 | Abyss:2  | Noticed a starcursed mass
 11906 | Abyss:2  | Noticed a goliath frog
 11920 | Abyss:2  | Noticed a hell hog
 11926 | Abyss:2  | HP: 1/99 [hell hog (12)]
 11926 | Abyss:2  | Killed from afar by a hell hog

Illustrated notes

Levels and vault maps discovered:
D:1:      ldierk_water_garden, layout_rooms, minmay_misc_feat_columns,
          nrook_campfire, hex_medium, kennysheep_crisscross, minmay_heptomino_o4
D:2:      layout_loops_ring, serial_shops, shop, nicolae_lakefront_shop,
          uniq_robin, uniq_crazy_yiuf_cottage, uniq_sigmund, uniq_natasha
D:3:      layout_loops_ring, gammafunk_temple_overflow_wave,
          ebering_ecumenical_altar_mist, st_stairs_7,
          nicolae_figureground_sparkle, uniq_terence
D:4:      layout_gridville, minmay_temple_entry_glassed_door, uniq_eustachio
D:5:      layout_loops_cross, gammafunk_ghost_mausoleum,
          nicolae_ossuary_entry_plus
D:6:      layout_loops_cross, eino_tiny_chamber, kennysheep_generic_room_7
D:7:      layout_cave_pools, uniq_pikel, uniq_harold, uniq_prince_ribbit1
D:8:      layout_cave_pools, uniq_maurice
D:9:      layout_irregular_city, mainiacjoe_overflow_divided_tiny,
          gammafunk_ghost_ooze
D:10:     kennysheep_blocky_hall, layout_basic, david_lair_generic, uniq_grum
Abyss:2:  base: D:6, minivault_22, gammafunk_abyss_exit_x_factor,
          evilmike_abyss_exit_6

Skill      XL: |  1  2  3  4  5  6  7  8  9 10 11 |
---------------+----------------------------------+-----
Long Blades    | 4 5 6 7 8 10 11 12 13 | 13.4
Fighting       | 4 5 6 7 8 9 10 | 10.0
Armour         | 3 4 5 7 9 11 | 11.3
Dodging        | 3 4 5 |  5.8
Stealth        | 1 |  1.1
Shields        | 4 5 |  5.2

Action                   |  1- 3 |  4- 6 |  7- 9 | 10-12 || total
-------------------------+-------+-------+-------+-------++-------
Melee: Falchion          |    69 |    95 |   242 |       ||   406
       Headbutt          |     7 |    11 |    70 |    31 ||   119
       Punch             |     1 |       |     5 |       ||     6
       Scimitar          |       |       |    92 |   195 ||   287
Invok: Berserk           |     1 |     3 |     8 |    10 ||    22
       Trog's Hand       |       |       |     2 |     2 ||     4
  Use: Scroll            |     1 |       |    19 |     3 ||    23
       Potion            |       |     2 |     5 |       ||     7
Armor: Ring mail         |    18 |    14 |       |       ||    32
       Scale mail        |       |    13 |   207 |    20 ||   240
       Plate armour      |       |       |       |   156 ||   156
Dodge: Dodged            |    56 |    50 |   207 |    81 ||   394
Block: Kite shield       |       |       |       |   103 ||   103
